cohdb
Replays
Latest Replays
All Replays
Popular Replays
Top Player Replays
Match Explorer
How It Works
Community
CoH3 Stats
Reddit
Sign in to upload your games and track your stats! →
Sign in with Steam
Match 42534530
Unlisted
Match 42534530
Overview
Messages
Build Orders
End
Vickers Machine Gun Team
Construct Section Command Post
Selects Canadian Shock Battlegroup
Royal Engineer Section
Dingo Light Scout Car
Infantry Section
Infantry Section
Selects Attacking Spirit
Construct Platoon Command Post
Selects Incendiary Munitions
Selects Canadian Shock Section
Humber Armored Car
KevinTDW
HORUS
0
0
Comments
sign in to comment!
No comments posted yet!